 Dungeon Crawl Stone Soup version 0.30.1 (webtiles) character file.

Game seed: 13966783432320646384

47075 monsoonserge the Nimble (level 14, -2/99 (108) HPs)
             Began as a Merfolk Monk on July 7, 2023.
             Was a Follower of Uskayaw.
             Slain by a spriggan rider
             ... wielding a +0 spear
             ... led by a spriggan druid
              (15 damage)
             ... on level 1 of the Swamp on July 8, 2023.
             The game lasted 01:21:14 (17161 turns).

monsoonserge the Nimble (Merfolk Monk)             Turns: 17161, Time: 01:21:14

HP:   -2/99 (108)   AC:  5    Str:  9    XL:     14   Next: 40%
MP:   0/22          EV: 22    Int: 17    God:    Uskayaw [*.....]
Gold: 1065          SH:  7    Dex: 22    Spells: 14/17 levels left

rFire   + . .        i - +2 short sword (venom)
rCold   + . .        r - +0 buckler
rNeg    + . .        w - +2 robe {rC+ rF+}
rPois   .            I - +2 hat
rElec   .            Y - scarf "Elesm" {+Inv, Str-2 Int+8 Slay+5 Stlth-}
rCorr   .            N - +1 pair of gloves
SInv    .            b - +0 pair of boots
Will    +....        M - amulet of guardian spirit
Stlth   ++++         f - +4 ring of slaying
HPRegen 0.36/turn    U - ring of positive energy
MPRegen 0.18/turn

%: guardian spirit
@: corroded, drained
A: (nimble swimmer 2), mertail
a: Renounce Religion, Evoke Invisibility, Stomp


You were on level 1 of the Swamp.
You worshipped Uskayaw.
Uskayaw was aware of your devotion.
You visited 4 branches of the dungeon, and saw 19 of its levels.

You collected 1065 gold pieces.

Inventory:

Hand Weapons
 i - a +2 short sword of venom (weapon)
Missiles
 x - 3 javelins
 C - 30 poisoned darts
 J - 5 throwing nets
 O - a curare-tipped dart
 R - 5 boomerangs (quivered)
Armour
 b - a +0 pair of boots (worn)
 r - a +0 buckler (worn)
 w - a +2 robe of resistance (worn)
 I - a +2 hat (worn)
 N - a +1 pair of gloves (worn)
 Y - the scarf "Elesm" (worn) {+Inv, Str-2 Int+8 Slay+5 Stlth-}
   (You found it on level 10 of the Dungeon)

   Str:       It affects your strength (-2).
   Int:       It affects your intelligence (+8).
   Slay:      It affects your accuracy & damage with ranged weapons and melee
   (+5).
   Stlth:     It makes you less stealthy.
 Z - a +3 scale mail of cold resistance
Jewellery
 f - a +4 ring of slaying (left hand)
 y - a ring of protection from fire
 M - an amulet of guardian spirit (around neck)
 U - a ring of positive energy (right hand)
 W - a ring of resist corrosion
Wands
 e - a wand of light (11)
 n - a wand of paralysis (5)
 v - a wand of digging (5)
 T - a wand of flame (18)
Scrolls
 a - 2 scrolls of brand weapon {unknown}
 d - 6 scrolls of amnesia
 g - 2 scrolls of summoning {unknown}
 j - 6 scrolls of fear
 p - 6 scrolls of teleportation
 t - a scroll of silence {unknown}
 u - a scroll of magic mapping
 B - a scroll of blinking
 D - 2 scrolls of vulnerability
 L - 2 scrolls of enchant weapon
 P - 3 scrolls of fog
 Q - a scroll of poison
 S - a scroll of torment {unknown}
 V - 2 scrolls of immolation
 X - 3 scrolls of enchant armour
Potions
 c - 5 potions of ambrosia
 h - 2 potions of heal wounds
 k - 3 potions of flight
 l - 6 potions of curing
 m - 5 potions of magic
 o - a potion of resistance {unknown}
 q - 2 potions of berserk rage
 s - 5 potions of haste
 A - 4 potions of might
 E - 3 potions of cancellation
 F - a potion of brilliance {unknown}
 G - 5 potions of mutation
 H - 2 potions of lignification
 K - 2 potions of attraction {unknown}
Miscellaneous
 z - a phial of floods


   Skills:
 + Level 9.5 Fighting
 + Level 10.8(11.1) Short Blades
 + Level 3.6(7.8) Long Blades
 - Level 3.0 Throwing
 - Level 5.2 Armour
 + Level 13.3 Dodging
 + Level 11.4 Stealth
 - Level 9.0 Shields
 - Level 2.0 Spellcasting
 + Level 3.3 Hexes
 + Level 3.2 Ice Magic
 * Level 10.8 Invocations
 * Level 5.0 Evocations


You had 14 spell levels left.
You knew the following spells:

 Your Spells              Type           Power      Damage    Failure   Level
a - Slow                  Hex            52%        N/A       6%          1
b - Ensorcelled Hibernat  Hex/Ice        24%        N/A       10%         2

Your spell library contained the following spells:

 Spells                   Type           Power      Damage    Failure   Level
 Confusing Touch          Hex            13%        N/A       19%         3
 Ozocubu's Armour         Ice            12%        N/A       21%         3
 Magic Dart               Conj           4%         1d3       26%         1
 Shock                    Conj/Air       4%         1d3       26%         1
 Call Imp                 Summ           2%         N/A       36%         2
 Searing Ray              Conj           2%         2d4       36%         2
 Static Discharge         Conj/Air       2%         2-3/arc   36%         2
 Sublimation of Blood     Necr           1%         N/A       36%         2
 Dazzling Flash           Conj/Hex       14%        N/A       36%         3
 Inner Flame              Hex/Fire       7%         N/A       36%         3
 Portal Projectile        Hex/Tloc       14%        N/A       36%         3
 Mephitic Cloud           Conj/Pois/Air  1%         N/A       58%         3
 Spider Form              Tmut/Pois      1%         N/A       58%         3
 Swiftness                Air            1%         N/A       58%         3
 Vampiric Draining        Necr           1%         2d6       58%         3
 Volatile Blastmotes      Fire/Tloc      2%         2d10      58%         3
 Anguish                  Hex/Necr       3%         N/A       77%         4
 Fulminant Prism          Conj/Hex       3%         3d5       77%         4
 Leda's Liquefaction      Hex/Erth       3%         N/A       77%         4
 Metabolic Englaciation   Hex/Ice        6%         N/A       88%         5
 Airstrike                Air            0%         2d(1-17)  94%         4
 Iskenderun's Mystic Bla  Conj/Tloc      1%         2d3       94%         4
 Petrify                  Tmut/Erth      1%         N/A       94%         4
 Summon Lightning Spire   Summ/Air       1%         N/A       94%         4
 Silence                  Hex/Air        3%         N/A       98%         5
 Yara's Violent Unravell  Hex/Tmut       3%         3d4       98%         5
 Irradiate                Conj/Tmut      0%         3d11      100%        5
 Summon Forest            Summ/Tloc      0%         N/A       100%        5
 Eringya's Noxious Bog    Tmut/Pois      0%         N/A       100%        6
 Starburst                Conj/Fire      0%         6d3       100%        6
 Statue Form              Tmut/Erth      0%         N/A       100%        6
 Enfeeble                 Hex            6%         N/A       100%        7
 Ozocubu's Refrigeration  Ice            6%         4d8       100%        7
 Summon Hydra             Summ           0%         N/A       100%        7


Dungeon Overview and Level Annotations

Branches:
Dungeon (12/15)            Temple (1/1) D:4            Lair (5/5) D:11
  Swamp (1/4) Lair:3        Snake (0/4) Lair:2        Slime (0/5) Lair:4
    Orc (0/2) D:9

Altars:
Ashenzari
Cheibriados
Dithmenos
Elyvilon
Fedhas
Gozag
Hepliaklqana
Kikubaaqudgha
Makhleb
Nemelex Xobeh
Okawaru
Qazlal
Ru
Sif Muna
Trog
Uskayaw
Vehumet
Wu Jian
Xom
Yredelemnul
Zin
The Shining One

Shops:
D:11 **

Portals:
Abyss: D:11

Annotations:
D:11 2 transporters, 0gre's ghost, journeyman GnIE
Lair:4 exclusion: 2 oklob plants


Innate Abilities, Weirdness & Mutations

((You are very nimble when in or above water. (Stealth+, EV+, Speed+++)))
Your lower body shifts to a powerful aquatic tail in water.


Message History

The goliath frog hits you from afar. The acid corrodes you!
You are splashed with acid.
The spriggan rider completely misses you.
A goliath frog comes into view.
A tyrant leech comes into view.
The goliath frog hits you from afar.
You are splashed with acid!
You can now stomp with the beat.
Okay, then.
You stomp with the beat, sending a shockwave through the revellers around you!
The spriggan rider is heavily wounded.
The spriggan druid is severely wounded.
The spriggan druid is moderately wounded.
You can no longer stomp with the beat.
The spriggan rider hits you with a +0 spear!!
The spriggan rider hits you from afar with a +0 spear!
The spriggan druid casts a spell at you.
The stone arrow misses you.
The stone arrow hits the goliath frog!!
The goliath frog hits you from afar!!
* * * LOW HITPOINT WARNING * * *
You are splashed with acid!
* * * LOW HITPOINT WARNING * * *
You can now stomp with the beat.
Blink to where?
Press: ? - help, Dir - move target Your +0 pair of boots unmelds from your body.
As you read the scroll of blinking, it crumbles to dust.
Your legs become a tail as you enter the water.
Your +0 pair of boots melds into your body.
The swamp worm fires a harpoon shot at you.
The harpoon shot hits you!
* * * LOW HITPOINT WARNING * * *
You are yanked forward by the harpoon shot.
Your +0 pair of boots unmelds from your body.
The swamp worm fires a harpoon shot at you.
The harpoon shot misses you.
There is a staircase back to the Lair here.
You block the goliath frog's attack.
The swamp worm fires a harpoon shot at you.
The harpoon shot misses you.
The spriggan rider hits you from afar with a +0 spear!!
You die...

♣♣♣♣♣♣♣ ♣~.~..♣
♣♣♣♣.....
♣♣~.♣~..♣
♣~......♣ ♣♣
♣~~~~~.♣♣~♣♣
♣~†~w~.§...♣♣
♣.@.§♣♣♣)~.).
♣.~~.~♣..~~§(
♣~~iF...~§~~~ .§
♣.~~~.(.~~~~~
..~♣♣♣♣♣....§~~~
~..~♣♣..ii..)~~.
♣w.~.§~~~~~§~.
♣♣♣..~~~~~~~..
♣..)~~~~~../


You could see a spriggan rider, 2 spriggan druids, a goliath frog and a swamp
worm.

Vanquished Creatures
  Josephine (Lair:3)
  4 hydras
  2 centaur warriors (D:10)
  2 two-headed ogres
  2 boulder beetles
  A skyshark (Lair:5)
  A goliath frog (Lair:5)
  A wizard (D:9)
  Pikel (D:6)
  2 oklob plants (Lair:4)
  A cyclops (D:10)
  9 elephants
  2 manticores
  3 black mambas
  12 cane toads
  2 rime drakes
  6 komodo dragons
  A troll (D:11)
  2 polar bears
  6 dream sheep
  15 blink frogs
  Sigmund (D:2)
  A vampire (D:11)
  3 wyverns
  Eustachio (D:4)
  A spriggan (Swamp:1)
  5 wraiths (Lair:3)
  80 yaks
  6 basilisks
  4 vampire mosquitoes (Lair:5)
  A swamp worm (Swamp:1)
  Edmund (D:6)
  A naga (Lair:2)
  An acid dragon (D:10)
  15 water moccasins
  A sky beast (D:6)
  A black bear (D:11)
  2 ice beasts (D:6)
  2 orc warriors
  An ogre (D:6)
  15 wolves
  2 lemures
  2 centaurs (D:8)
  16 bullfrogs
  Blork the orc (D:4)
  5 kobold brigands
  2 scorpions
  11 wights
  15 killer bees
  A howler monkey (D:6)
  5 electric eels
  3 hounds
  A jelly (D:6)
  Crazy Yiuf (D:3)
  7 orc priests
  3 gnoll boudas
  Jessica (D:3)
  4 iguanas
  3 sleepcaps
  Ijyb (D:3)
  Natasha (thrice) (D:2)
  Terence (D:3)
  6 orc wizards
  Robin (D:2)
  25 gnolls
  5 adders
  2 shadow imps
  2 white imps
  2 worms
  A dart slug (D:2)
  46 orcs
  7 endoplasms
  3 giant cockroaches
  18 goblins
  11 hobgoblins
  3 quokkas
  5 ball pythons
  5 bats
  5 frilled lizards
  5 kobolds
  8 rats
467 creatures vanquished.

Notes
Turn   | Place    | Note
-------+----------+-------------------------------------------
     0 | D:1      | monsoonserge the Merfolk Monk began the quest for the Orb.
     0 | D:1      | Reached XP level 1. HP: 18/18 MP: 1/1
   116 | D:1      | Reached XP level 2. HP: 25/25 MP: 2/2
   925 | D:2      | Reached skill level 1 in Short Blades
   964 | D:2      | Reached XP level 3. HP: 28/30 MP: 3/3
   993 | D:2      | Learned a level 1 spell: Slow
   993 | D:2      | Noticed Robin
  1000 | D:2      | Noticed Natasha
  1007 | D:2      | Killed Natasha
  1008 | D:2      | Reached XP level 4. HP: 28/37 MP: 2/4
  1093 | D:2      | Noticed Sigmund
  1359 | D:2      | Killed Robin
  1453 | D:2      | Noticed Natasha
  1665 | D:3      | Found an opulent altar of Gozag.
  1665 | D:3      | Noticed Terence
  1689 | D:3      | Killed Terence
  1690 | D:3      | Reached XP level 5. HP: 18/42 MP: 5/5
  1802 | D:3      | Found a bloodstained altar of Trog.
  1853 | D:3      | Noticed Ijyb
  1881 | D:3      | Killed Ijyb
  2204 | D:3      | Noticed Jessica
  2211 | D:3      | Killed Jessica
  2212 | D:3      | Reached skill level 5 in Dodging
  2262 | D:3      | Found a runed translucent door.
  2263 | D:3      | Noticed Crazy Yiuf
  2498 | D:3      | Killed Crazy Yiuf
  2499 | D:3      | Reached skill level 1 in Shields
  2499 | D:3      | Reached XP level 6. HP: 48/48 MP: 6/6
  2810 | D:4      | Found a staircase to the Ecumenical Temple.
  2816 | D:4      | Noticed Eustachio
  2836 | D:4      | Killed Eustachio
  2837 | D:4      | Reached skill level 5 in Short Blades
  2837 | D:4      | Reached skill level 1 in Armour
  2837 | D:4      | Reached XP level 7. HP: 49/55 MP: 7/7
  2861 | Temple   | Entered the Ecumenical Temple
  2930 | Temple   | Became a worshipper of Uskayaw the Reveller
  2930 | Temple   | Reached * piety under Uskayaw
  3000 | D:4      | Noticed Blork the orc
  3006 | D:4      | Reached ** piety under Uskayaw
  3010 | D:4      | Killed Blork the orc
  3108 | D:4      | Reached skill level 6 in Dodging
  3294 | D:4      | Reached *** piety under Uskayaw
  3450 | D:5      | Entered Level 5 of the Dungeon
  3474 | D:5      | Reached skill level 1 in Invocations
  4405 | D:5      | Reached XP level 8. HP: 59/61 MP: 9/9
  4752 | D:2      | Killed Sigmund
  4753 | D:2      | Reached skill level 1 in Stealth
  4753 | D:2      | Killed Natasha
  4828 | D:2      | Noticed Natasha
  4835 | D:2      | Killed Natasha
  4982 | D:6      | Noticed Edmund
  4983 | D:6      | Found a stormy altar of Qazlal.
  4997 | D:6      | Killed Edmund
  4998 | D:6      | Reached skill level 5 in Fighting
  5097 | D:6      | Reached skill level 7 in Dodging
  5263 | D:6      | Noticed Pikel
  5406 | D:6      | Found a sparkling altar of Nemelex Xobeh.
  5431 | D:6      | Reached XP level 9. HP: 59/68 MP: 11/11
  5953 | D:6      | Killed Pikel
  6399 | D:8      | Reached skill level 1 in Throwing
  6399 | D:8      | Reached skill level 8 in Dodging
  6400 | D:8      | Reached skill level 5 in Invocations
  6400 | D:8      | Reached skill level 1 in Evocations
  6527 | D:8      | Noticed a two-headed ogre
  6544 | D:8      | Killed a two-headed ogre
  6545 | D:8      | Reached XP level 10. HP: 49/77 MP: 6/14
  6807 | D:8      | Reached skill level 9 in Dodging
  7307 | D:8      | Reached **** piety under Uskayaw
  7313 | D:8      | Reached ***** piety under Uskayaw
  7321 | D:8      | Reached skill level 5 in Shields
  7414 | D:8      | Noticed a two-headed hydra
  7426 | D:8      | Killed a two-headed hydra
  7427 | D:8      | Reached skill level 5 in Stealth
  8073 | D:9      | Reached XP level 11. HP: 74/84 MP: 4/16
  8080 | D:9      | Reached skill level 10 in Dodging
  8197 | D:9      | Identified the +2 halberd "Gewiforgh" {spect, rElec rC+ rN+
                  | Int-2}
  8576 | D:9      | Noticed a manticore
  8580 | D:9      | Noticed a wizard
  8591 | D:10     | Entered Level 10 of the Dungeon
  8626 | D:10     | Noticed a centaur warrior
  8641 | D:10     | Killed a centaur warrior
  8746 | D:10     | Noticed a two-headed ogre
  8755 | D:10     | Killed a two-headed ogre
  8822 | D:10     | Noticed a centaur warrior
  8839 | D:10     | Killed a centaur warrior
  8871 | D:9      | Found a staircase to the Orcish Mines.
  9135 | D:9      | Got the Folio of Imprecation
  9173 | D:9      | Killed a wizard
  9311 | D:10     | Noticed a manticore
  9342 | D:10     | Killed a manticore
  9423 | D:10     | Noticed a cyclops
  9444 | D:10     | Killed a cyclops
  9445 | D:10     | Reached skill level 11 in Dodging
  9644 | D:10     | Identified the scarf "Elesm" {+Inv, Str-2 Int+8 Slay+5
                  | Stlth-}
  9824 | D:11     | Found a staircase to the Lair.
  9867 | D:11     | Noticed a manticore
  9877 | D:11     | Killed a manticore
  9878 | D:11     | Reached XP level 12. HP: 52/92 MP: 10/18
 10009 | D:11     | Found a transporter.
 10016 | D:11     | Found a one-way gate to the infinite horrors of the Abyss.
 10026 | D:11     | Found a transporter.
 10187 | D:11     | Identified the +10 spear of Law {heavy, Str+2}
 10300 | D:11     | Noticed 0gre's ghost (journeyman GnIE)
 10325 | D:11     | Reached skill level 1 in Hexes
 10333 | D:11     | Reached skill level 1 in Spellcasting
 10804 | D:11     | Found Miutwig's Specific Store.
 10807 | D:11     | Found Orhixale's General Store.
 10904 | D:12     | Noticed a four-headed hydra
 10904 | D:12     | Noticed a two-headed ogre
 10940 | Lair:1   | Entered Level 1 of the Lair of Beasts
 10984 | Lair:1   | You fall into a shaft and drop 1 floor!
 11051 | Lair:2   | Learned a level 2 spell: Ensorcelled Hibernation
 11993 | Lair:1   | Reached skill level 1 in Ice Magic
 12442 | Lair:2   | Found a staircase to the Snake Pit.
 12908 | Lair:3   | Reached skill level 10 in Short Blades
 13024 | Lair:3   | Noticed a boulder beetle
 13037 | Lair:3   | Killed a boulder beetle
 13038 | Lair:3   | Reached XP level 13. HP: 89/99 MP: 17/20
 13165 | Lair:3   | Reached skill level 12 in Dodging
 13171 | Lair:3   | Reached skill level 10 in Stealth
 13185 | Lair:3   | Found a staircase to the Swamp.
 13295 | Lair:3   | Noticed Josephine
 13349 | Lair:3   | Killed Josephine
 13349 | Lair:3   | HP: 4/99 [komodo dragon (17)]
 13887 | Lair:3   | Reached skill level 5 in Armour
 14304 | Lair:3   | Identified the +0 plate armour of Beyond {rC+ rCorr Str-3
                  | SInv}
 14684 | Lair:4   | Reached skill level 10 in Invocations
 15153 | Lair:4   | Found a staircase to the Slime Pits.
 15976 | Lair:5   | Entered Level 5 of the Lair of Beasts
 16013 | Lair:5   | Found a shimmering blue altar of Sif Muna.
 16353 | Lair:5   | Reached XP level 14. HP: 79/108 MP: 18/21
 16358 | Lair:5   | Reached ****** piety under Uskayaw
 16541 | Lair:5   | Reached skill level 13 in Dodging
 17140 | Swamp:1  | Entered Level 1 of the Swamp
 17154 | Swamp:1  | Reached skill level 5 in Evocations
 17161 | Swamp:1  | Slain by a spriggan rider

Illustrated notes

Levels and vault maps discovered:
D:1:      eino_arrival_water_star, layout_loops_corners,
          grunt_decor_mini_mirrors
D:2:      layout_basic, kennysheep_decorative_pillar, uniq_natasha,
          uniq_sigmund, uniq_robin
D:3:      layout_loops_cross, mainiacjoe_overflow_two_lobes, uniq_terence,
          uniq_crazy_yiuf_cottage, uniq_jessica, uniq_ijyb
D:4:      layout_rooms, minmay_temple_entry_glass, uniq_eustachio,
          uniq_blork_the_orc
D:5:      layout_gridville, glass_columns_b, nrook_mini_vaults
D:6:      layout_cave_pods, mainiacjoe_overflow_catch_the_wave,
          minmay_misc_feat_tiny, uniq_edmund, uniq_pikel
D:7:      layout_cave_pools
D:8:      layout_gridville, hangedman_ranch
D:9:      statuecave_lemuel, layout_loops_ring, david_orc_3, special_room
          [special_room_orc], minmay_checkerbox
D:10:     layout_cave_pools
D:11:     layout_basic, david_lair_generic, gammafunk_ghost_abyssal_escape,
          nicolae_specific_store
D:12:     layout_loops_ring, kiku_gazebo_garden_becter
Temple:   compressed_dpeg_circular_temple
Lair:1:   layout_regular_city, nicolae_quartered_pool_little,
          serial_bayou_shore_a
Lair:2:   layout_long_grid, guppyfry_snake_entry_island, serial_bayou_shore_b
Lair:3:   layout_cave_pods, swamp_mist, grunt_megastairs_3,
          serial_bayou_shore_b, uniq_rupert, uniq_josephine
Lair:4:   layout_cave_pods, minmay_slime_entry_oklob_open, lemuel_fruit_tree
Lair:5:   minmay_lair_end_frog_pond, layout_long_grid, basic_altar
Swamp:1:  layout_basic_swamp, evilmike_swamp_ruin_wall

Skill      XL: |  1  2  3  4  5  6  7  8  9 10 11 12 13 14 |
---------------+-------------------------------------------+-----
Short Blades   | 1 2 3 4 5 6 7 8 9 10 | 10.8
Fighting       | 4 5 6 7 8 9 |  9.5
Dodging        | 5 6 7 8 9 11 12 13 | 13.3
Shields        | 1 2 3 4 5 7 8 9 |  9.0
Armour         | 1 2 3 4 5 |  5.2
Invocations    | 1 3 5 6 8 9 10 | 10.8
Stealth        | 2 4 5 6 9 10 11 | 11.4
Throwing       | 1 2 3 |  3.0
Evocations     | 1 2 4 5 |  5.0
Hexes          | 2 3 |  3.3
Spellcasting   | 1 2 |  2.0
Ice Magic      | 2 3 |  3.2
Long Blades    | |  3.6

Action                     |  1- 3 |  4- 6 |  7- 9 | 10-12 | 13-15 || total
---------------------------+-------+-------+-------+-------+-------++-------
  Melee: Rapier            |    46 |   174 |    61 |       |       ||   281
         Dagger            |       |       |   144 |    63 |       ||   207
         Quick blade       |       |       |   156 |       |       ||   156
         Short sword       |       |       |       |   484 |   418 ||   902
         Tailslap          |       |       |       |     8 |    11 ||    19
  Throw: Dart              |       |     3 |       |     4 |       ||     7
         Boomerang         |       |       |       |       |    20 ||    20
   Cast: Slow              |     1 |     6 |       |       |     4 ||    11
         Ensorcelled Hiber |       |       |       |       |     5 ||     5
 Invoke: Stomp             |       |       |    27 |    54 |    46 ||   127
         Line Pass         |       |       |     4 |     5 |     1 ||    10
Ability: Evoke Invisibilit |       |       |       |       |     1 ||     1
  Evoke: Wand              |       |       |       |     2 |     1 ||     3
    Use: Scroll            |       |       |       |    19 |     5 ||    24
         Potion            |       |       |       |       |     4 ||     4
   Stab: Sleeping          |       |     1 |     1 |    12 |     9 ||    23
         Paralysed         |       |       |     2 |    21 |    19 ||    42
         Confused          |       |       |     1 |     5 |     1 ||     7
         Invisible         |       |       |       |       |     3 ||     3
         Distracted        |       |       |       |       |     1 ||     1
 Armour: Robe              |     5 |    31 |       |       |    28 ||    64
         Leather armour    |       |    15 |    78 |    96 |       ||   189
         Scale mail        |       |       |       |     3 |    24 ||    27
  Dodge: Dodged            |    29 |   123 |   168 |   310 |   291 ||   921
  Block: Buckler           |       |    26 |    62 |   145 |   105 ||   338
